 Dungeon Crawl Stone Soup version 0.24.1-4-ge52af88ad5 (webtiles) character file.

Game seed: 6235640413190462314, levelgen mode: deterministic

41 ChadusMaximus the Magician (level 3, 0/19 HPs)
             Began as a Deep Elf Wizard on Apr 15, 2020.
             Slain by an adder (2 damage)
             ... on level 2 of the Dungeon.
             The game lasted 00:04:12 (1782 turns).

ChadusMaximus the Magician (Deep Elf Wizard)        Turns: 1782, Time: 00:04:13

Health: 0/19       AC:  2    Str:  4    XL:     3   Next: 32%
Magic:  0/11       EV: 13    Int: 23    God:
Gold:   36         SH:  0    Dex: 13    Spells: 7/12 levels left

rFire    . . .     SeeInvis .   (no weapon)
rCold    . . .     Gourm    .   (no shield)
rNeg     . . .     Faith    .   a - +0 robe
rPois    .         Spirit   .   b - +0 hat
rElec    .         Reflect  .   (no cloak)
rCorr    .         Harm     .   (no gloves)
MR       .....                  (no boots)
Stlth    ++........             (no amulet)
HPRegen  0.06/turn              (no ring)
MPRegen  0.12/turn              (no ring)

@: lethally poisoned (0 -> -6), very slightly contaminated
A: no striking features
a: no special abilities


You were on level 2 of the Dungeon.
You were not hungry.

You visited 1 branch of the dungeon, and saw 2 of its levels.

You collected 36 gold pieces.

Inventory:

Armour
 a - a +0 robe (worn)
 b - a +0 hat (worn)
Scrolls
 c - a scroll of amnesia {unknown}
 e - a scroll of noise {unknown}
 f - a scroll of identify {unknown}
 h - a scroll of remove curse {unknown}
Potions
 g - 3 potions of heal wounds {unknown}
 i - 2 potions of curing {unknown}
Comestibles
 d - 3 rations


   Skills:
 + Level 3.0 Dodging
 + Level 2.6 Stealth
 + Level 0.2 Unarmed Combat
 + Level 5.3 Spellcasting
 + Level 1.8 Conjurations
 + Level 1.1 Summonings
 + Level 1.1 Translocations


You had 7 spell levels left.
You knew the following spells:

 Your Spells              Type           Power        Failure   Level  Hunger
a - Magic Dart            Conj           ##..         4%          1    None
b - Call Imp              Summ           ##......     9%          2    None
c - Blink                 Tloc           N/A          9%          2    None

Your spell library contained the following spells:

 Spells                   Type           Power        Failure   Level  Hunger
 Slow                     Hex            #.......     14%         2    None
 Conjure Flame            Conj/Fire      ##......     19%         3    ##.....
 Mephitic Cloud           Conj/Pois/Air  #.......     22%         3    ##.....


Dungeon Overview and Level Annotations

Branches:
Dungeon (2/15)

Altars:
Okawaru


Message History

Casting: Blink (safe; 9% risk of failure)
Confirm with . or Enter, or press ? or * to list all spells.
Aiming: Magic Dart (safe; 4% risk of failure)
Press: ? - help, Shift-Dir - straight line, f - adder
Aim: an adder You miscast Magic Dart.
You are very lightly contaminated with residual magic.
Nothing appears to happen.
The adder closely misses you. The adder bites you.
You are poisoned.
The adder poisons you! The adder bites you.
Casting: Magic Dart (safe; 4% risk of failure)
Confirm with . or Enter, or press ? or * to list all spells.
You blink.
You feel sick.
You feel sick. The adder bites you.
* * * LOW HITPOINT WARNING * * *
The adder barely misses you. The adder bites you.
You die...

.#....><........#.....##.........
##......÷.................)......
.................................
...................(..........^..
.#...........................†...
.##<..........#..................
. ##....#.#####....).............
####.#.# #..S...............
#.#.# ##@S...............
#.#.#####.......##.........
#.#....#..############.....
#.#......## ##.... #........#
#.... #.......# #...# ###.......#
#... .........## ##.......#


You could see 2 adders.

Vanquished Creatures
  A leopard gecko (D:2)
  7 bats
  A giant cockroach (D:1)
  3 goblins (D:1)
  7 hobgoblins
  2 jackals (D:1)
  2 quokkas (D:2)
  2 ball pythons
  5 frilled lizards
  2 kobolds (D:1)
  8 rats
40 creatures vanquished.

Notes
Turn   | Place    | Note
-------+----------+-------------------------------------------
     0 | D:1      | ChadusMaximus the Deep Elf Wizard began the quest for the
                  | Orb.
     0 | D:1      | Reached XP level 1. HP: 10/10 MP: 7/7
   306 | D:1      | Found an iron altar of Okawaru.
   395 | D:1      | Reached XP level 2. HP: 15/15 MP: 3/9
   654 | D:2      | Reached skill level 5 in Spellcasting
  1457 | D:2      | Reached XP level 3. HP: 19/19 MP: 8/11
  1724 | D:2      | Learned a level 2 spell: Call Imp
  1727 | D:2      | Learned a level 2 spell: Blink
  1782 | D:2      | Slain by an adder

Levels and vault maps discovered:
D:1:      dpeg_arrival_lava_altar, layout_loops_ring
D:2:      layout_rooms

Skill      XL: |  1  2 |
---------------+-------+-----
Spellcasting   | 5 |  5.3
Dodging        | 3 |  3.0
Stealth        | |  2.6
Unarmed Combat | |  0.2
Conjurations   | |  1.8
Summonings     | |  1.1
Translocations | |  1.1

Action                   || total
-------------------------++-------
Melee: Unarmed           ||    14
 Cast: Magic Dart        ||    89
       Blink             ||     6
  Eat: Chunk             ||     2
Armor: Robe              ||    25
Dodge: Dodged            ||    61
